 Dungeon Crawl Stone Soup version 0.27.0-1-g7a089689b8 (webtiles) character file.

Game seed: 10906476469356951719

52705 sasquatch the Scorcher (level 14, -2/68 HPs)
             Began as a Deep Elf Fire Elementalist on Aug 7, 2021.
             Was a High Priest of Vehumet.
             Killed from afar by an orc sorcerer (35 damage)
             ... with a bolt of fire
             ... led by an orc knight
             ... while paralysed by an orc sorcerer
             ... on level 1 of the Orcish Mines.
             The game lasted 01:00:38 (25484 turns).

sasquatch the Scorcher (DEFE)                      Turns: 25484, Time: 01:00:38

Health: -2/68      AC: 10    Str:  5    XL:     14   Next: 28%
Magic:  10/43      EV:  2    Int: 30    God:    Vehumet [*****.]
Gold:   1267       SH:  0    Dex: 15    Spells: 7/42 levels left

rFire    . . .     SeeInvis .   f - staff of conjuration
rCold    + . .     Faith    .   (no shield)
rNeg     . . .     Spirit   .   N - +2 robe of Zoexeshromau {+Inv rC+ Int+4}
rPois    +         Reflect  .   b - +2 helmet
rElec    .         Harm     .   M - +0 cloak
rCorr    .         Rampage  .   q - +0 pair of gloves
Will     +....                  i - +0 pair of boots
Stlth    ++........             (no amulet)
HPRegen  0.21/turn              z - ring of poison resistance
MPRegen  0.28/turn              Q - ring of magical power

@: paralysed, studying Long Blades
A: no striking features
a: Renounce Religion, Evoke Invisibility


You were on level 1 of the Orcish Mines.
You worshipped Vehumet.
Vehumet was extremely pleased with you.
You visited 4 branches of the dungeon, and saw 20 of its levels.

You collected 1267 gold pieces.

Inventory:

Hand Weapons
 c - a +1 dagger of venom
Missiles
 n - 2 throwing nets
 r - 102 poisoned darts
 x - 8 curare-tipped darts
Armour
 b - a +2 helmet (worn)
 i - a +0 pair of boots (worn)
 q - a +0 pair of gloves (worn)
 t - a +0 tower shield of protection
 M - a +0 cloak (worn)
 N - the +2 robe of Zoexeshromau (worn) {+Inv rC+ Int+4}
   (You found it on level 1 of the Lair of Beasts)

   Int:       It affects your intelligence (+4).
   rC:        It protects you from cold.
   +Inv:      It lets you turn invisible.
Magical Staves
 f - a staff of conjuration (weapon)
 y - a staff of air
 C - a staff of earth
Jewellery
 o - a ring of protection from fire
 z - a ring of poison resistance (left hand)
 K - an amulet of the acrobat
 O - a ring of see invisible
 Q - a ring of magical power (right hand)
 S - a ring of ice
 W - an amulet of regeneration
 X - a ring of wizardry
Wands
 p - a wand of flame (35)
 s - a wand of polymorph (6)
 u - a wand of charming (9)
 w - a wand of paralysis (4)
 A - a wand of acid (12)
 E - a wand of iceblast (20)
 J - a wand of digging (12)
Scrolls
 a - 2 scrolls of amnesia
 e - 3 scrolls of fear
 g - 2 scrolls of blinking
 j - 13 scrolls of teleportation
 l - 3 scrolls of magic mapping
 B - 3 scrolls of enchant weapon
 D - 7 scrolls of identify
 G - 2 scrolls of enchant armour
 H - a scroll of immolation
 P - 2 scrolls of vulnerability
 R - a scroll of holy word
Potions
 d - 2 potions of resistance
 h - 2 potions of flight
 k - 6 potions of attraction
 m - 7 potions of heal wounds
 v - 3 potions of cancellation
 F - 3 potions of curing
 I - 2 potions of magic
 L - a potion of berserk rage
 T - a potion of brilliance {unknown}
 V - a potion of haste
 Y - a potion of invisibility {unknown}
Miscellaneous
 U - a phial of floods
 Z - a lightning rod (4/4)


   Skills:
 - Level 2.4 Dodging
 - Level 2.4 Stealth
 + Level 14.5 Spellcasting
 * Level 16.5 Conjurations
 * Level 16.8 Fire Magic


You had 7 spell levels left.
You knew the following spells:

 Your Spells              Type           Power      Damage    Failure   Level
a - Foxfire               Conj/Fire      100%       2x1d9     0%          1
b - Conjure Flame         Conj/Fire      100%       6-21      0%          3
c - Inner Flame           Hex/Fire       64%        N/A       1%          3
d - Sticky Flame          Conj/Fire      100%       2d11      0%          4
e - Blink                 Tloc           N/A        N/A       3%          2
f - Fireball              Conj/Fire      55%        3d21      1%          5
g - Irradiate             Conj/Tmut      41%        3d27      1%          5
h - Starburst             Conj/Fire      55%        8x6d15    1%          6
i - Iron Shot             Conj/Erth      41%        9d8       3%          6

Your spell library contained the following spells:

 Spells                   Type           Power      Damage    Failure   Level
 Eringya's Noxious Bog    Tmut/Pois      10%        N/A       61%         6
 Poisonous Vapours        Pois/Air       42%        N/A       1%          2
 Dazzling Flash           Conj/Hex       100%       N/A       1%          3
 Ignite Poison            Fire/Tmut/Pois 53%        N/A       1%          3
 Mephitic Cloud           Conj/Pois/Air  70%        N/A       1%          3
 Fulminant Prism          Conj/Hex       41%        3d20      1%          4
 Iskenderun's Mystic Bla  Conj/Tloc      82%        2d16      1%          4
 Animate Skeleton         Necr           42%        N/A       2%          1
 Apportation              Tloc           42%        N/A       2%          1
 Beastly Appendage        Tmut           42%        N/A       2%          1
 Corona                   Hex            23%        N/A       2%          1
 Sting                    Tmut/Pois      84%        1d7       2%          1
 Summon Small Mammal      Summ           84%        N/A       2%          1
 Corpse Rot               Necr/Air       N/A        N/A       3%          2
 Ensorcelled Hibernation  Hex/Ice        42%        N/A       3%          2
 Sublimation of Blood     Necr           10%        N/A       3%          2
 Wereblood                Tmut           21%        N/A       3%          2
 Conjure Ball Lightning   Conj/Air       41%        3x3d13    3%          6
 Olgreb's Toxic Radiance  Pois           21%        N/A       6%          4
 Ozocubu's Armour         Ice            21%        N/A       7%          3
 Spider Form              Tmut/Pois      10%        N/A       7%          3
 Tukima's Dance           Hex            21%        N/A       7%          3
 Lee's Rapid Deconstruct  Erth           10%        3d9*      16%         5
 Animate Armour           Summ/Erth      42%        N/A       22%         4
 Dispel Undead            Necr           21%        3d11      22%         4
 Blade Hands              Tmut           10%        N/A       52%         5
 Manifold Assault         Tloc           21%        N/A       52%         5
 Death Channel            Necr           10%        N/A       98%         6
 Ozocubu's Refrigeration  Ice            10%        4d7       98%         7
 Storm Form               Tmut/Air       10%        N/A       100%        7
 Summon Hydra             Summ           10%        N/A       100%        7
 Ignition                 Fire           44%        3d13      4%          8
 Fire Storm               Conj/Fire      55%        8d14      50%         9
 Discord                  Hex            10%        N/A       100%        8
 Disjunction              Tloc           10%        N/A       100%        8


Dungeon Overview and Level Annotations

Branches:
Dungeon (12/15)            Temple (1/1) D:6            Lair (6/6) D:8
  Swamp (0/4) Lair:4        Snake (0/4) Lair:2        Slime (0/5) Lair:6
    Orc (1/2) D:10

Altars:
Ashenzari
Cheibriados
Dithmenos
Elyvilon
Fedhas
Gozag
Hepliaklqana
Kikubaaqudgha
Makhleb
Nemelex Xobeh
Okawaru
Qazlal
Ru
Sif Muna
Trog
Uskayaw
Vehumet
Wu Jian
Xom
Yredelemnul
Zin
The Shining One
Beogh
Jiyva

Shops:
D:7 (   D:11 :

Annotations:
D:3 3 runed translucent doors, nxtlvl's ghost, amateur DEMo
D:10 1 exclusion, Harold
D:12 1 runed translucent door, ChodeyFoster420's ghost, journeyman MiBe


Message History

Press: ? - help, Shift-Dir - straight line You feel a surge of power!
The fireball explodes!
The fireball engulfs the orc warrior!!
You kill the orc warrior!
Vehumet accepts your kill.
You feel your power returning.
The fireball engulfs the orc knight!!
The orc knight is moderately wounded.
The fireball engulfs the orc warrior!!
You kill the orc warrior!
Vehumet accepts your kill.
You feel your power returning.
You hear a shout!
The orc sorcerer casts a spell.
Casting: Fireball (safe; 1% risk of failure)
Confirm with . or Enter, or press ? or * to list all spells.
Aiming: Fireball (safe; 1% risk of failure)
Press: ? - help, Shift-Dir - straight line
Okay, then.
Casting: Fireball (safe; 1% risk of failure)
Confirm with . or Enter, or press ? or * to list all spells.
Aiming: Fireball (safe; 1% risk of failure)
Press: ? - help, Shift-Dir - straight line You feel a surge of power!
The fireball explodes!
The fireball engulfs the orc knight!
The orc knight is heavily wounded.
You hear a shout!
An orc priest comes into view. It is wielding a +3 whip of pain.
An orc sorcerer comes into view. It is wielding a +0 dagger.
The orc sorcerer gestures at you while chanting.
You suddenly lose the ability to move!
The orc knight hits you with a +0 great mace!!
An orc priest comes into view. It is wielding a +0 dagger.
The orc priest calls upon Beogh to heal the orc knight.
The orc knight is healed somewhat.
The orc sorcerer casts a spell at you.
The bolt of fire hits the orc!!
The orc dies!
The bolt of fire hits you!!
Ouch! That really hurt!
You die...

#.o.....$.....
......)...o..
.....)...4.#
#.$...))..#.
##.$.).o.....
##.#..).......
#.....o.......
#....@>...oo.
.......[.#.....
........... ...
.......)..#.$ .
....#.##... #..
...#[. .... .
#$###. .#..# ##
.. ....#


You could see an orc knight, an orange demon (summoned), 2 orc sorcerers, 2 orc
priests and an orc (strong).

Vanquished Creatures
  Rupert (Lair:6)
  Snorg (D:10)
  An ettin (Orc:1)
  Fannar (Lair:3)
  5 hydras
  A boulder beetle (Lair:4)
  A merfolk avatar (Lair:6)
  A catoblepas (Lair:6)
  2 two-headed ogres
  A death knight (D:12)
  Nergalle (D:10)
  2 sea snakes (Lair:6)
  2 skeletal warriors (D:12)
  2 ugly things
  An orc knight (D:12)
  A deep elf pyromancer (D:12)
  A manticore (Lair:6)
  A cyclops (D:11)
  An elephant (D:8)
  3 black mambas
  4 centaur zombies
  A torpor snail (Lair:2)
  12 cane toads
  Maggie (D:6)
  A gargoyle (D:11)
  16 komodo dragons
  8 rime drakes
  A freezing wraith (D:12)
  A queen bee (D:9)
  6 trolls
  2 hornets (Lair:6)
  A wind drake (Lair:6)
  2 polar bears
  13 blink frogs
  40 yaks
  2 vampires
  3 wyverns
  2 shadows
  A wraith (D:5)
  Eustachio (D:6)
  6 basilisks
  2 steam dragons
  2 wargs
  2 nagas (Lair:2)
  13 water moccasins
  16 orc warriors
  2 black bears
  2 hornet zombies (D:7)
  2 ice beasts
  5 ogres
  3 sky beasts
  2 necrophages (D:7)
  6 wolves (Lair:3)
  4 centaurs
  3 kobold brigands
  13 bullfrogs
  A gnoll sergeant (D:7)
  2 scorpions
  3 wyvern zombies
  A water moccasin skeleton (D:5)
  15 wights
  24 killer bees
  9 electric eels
  2 bullfrog zombies
  A jelly (D:5)
  5 hounds
  3 bullfrog skeletons
  11 orc priests
  2 gnoll shamans
  An iguana (D:4)
  11 orc wizards
  2 killer bee zombies
  2 mummies
  A howler monkey zombie (D:7)
  24 gnolls
  5 adders
  3 white imps (D:6)
  3 adder skeletons (D:4)
  A worm (D:3)
  2 dart slugs
  49 orcs
  5 bats
  4 endoplasms
  2 giant cockroaches
  4 goblins
  8 hobgoblins
  12 jackals
  14 kobolds
  A quokka (D:3)
  10 ball pythons
  5 frilled lizards
  3 rats
482 creatures vanquished.

Vanquished Creatures (collateral kills)
  4 foxfires
4 creatures vanquished.

Vanquished Creatures (others)
  An orc (Orc:1)
  649 foxfires
  58 fungi
  77 plants
  6 withered plants (D:7)
791 creatures vanquished.

Grand Total: 1277 creatures vanquished

Notes
Turn   | Place    | Note
-------+----------+-------------------------------------------
     0 | D:1      | sasquatch the Deep Elf Fire Elementalist began the quest
                  | for the Orb.
     0 | D:1      | Reached XP level 1. HP: 10/10 MP: 6/6
   144 | D:1      | Reached XP level 2. HP: 15/15 MP: 5/8
   569 | D:1      | Reached XP level 3. HP: 19/19 MP: 6/9
   918 | D:2      | Found a faded altar of an unknown god.
   987 | D:2      | Learned a level 3 spell: Conjure Flame
   991 | D:2      | Learned a level 3 spell: Inner Flame
  1334 | D:2      | Noticed an ogre
  1340 | D:2      | Killed an ogre
  1341 | D:2      | Reached XP level 4. HP: 24/24 MP: 3/12
  1341 | D:2      | Reached XP level 5. HP: 28/28 MP: 3/13
  1662 | D:2      | Learned a level 4 spell: Sticky Flame
  2031 | D:3      | Reached skill level 5 in Fire Magic
  2553 | D:3      | Found a runed translucent gate.
  2553 | D:3      | Found a runed translucent gate.
  2554 | D:3      | Found a runed translucent gate.
  2558 | D:3      | Noticed nxtlvl's ghost (amateur DEMo)
  2997 | D:3      | Reached XP level 6. HP: 24/32 MP: 9/14
  3522 | D:4      | Reached skill level 5 in Spellcasting
  3692 | D:4      | Noticed an ice beast
  3709 | D:4      | Killed an ice beast
  3710 | D:4      | Reached skill level 5 in Conjurations
  3779 | D:4      | Found a burning altar of Makhleb.
  3845 | D:4      | Found a snail-covered altar of Cheibriados.
  3851 | D:4      | Reached XP level 7. HP: 36/36 MP: 11/16
  4902 | D:5      | Entered Level 5 of the Dungeon
  5436 | D:5      | Reached XP level 8. HP: 41/41 MP: 8/19
  5523 | D:5      | Learned a level 5 spell: Fireball
  6828 | D:6      | Noticed Maggie
  7197 | D:6      | Reached XP level 9. HP: 45/45 MP: 15/22
  7230 | D:5      | HP: 1/45 [wraith (11)]
  7560 | D:6      | Found a staircase to the Ecumenical Temple.
  7603 | D:6      | Killed Maggie
  7857 | Temple   | Entered the Ecumenical Temple
  7917 | Temple   | Became a worshipper of Vehumet
  8146 | D:6      | Noticed Eustachio
  8149 | D:6      | Killed Eustachio
  8150 | D:6      | Reached skill level 10 in Fire Magic
  8410 | D:7      | Found Daffeb's Antique Weapon Emporium.
  9149 | D:7      | Reached skill level 10 in Conjurations
  9149 | D:7      | Reached XP level 10. HP: 50/50 MP: 18/25
  9253 | D:7      | Found a sacrificial altar of Ru.
  9274 | D:7      | Found an opulent altar of Gozag.
  9483 | D:7      | Found a broken altar of Ashenzari.
  9483 | D:7      | Found a hide-covered altar of Uskayaw.
  9854 | D:7      | Found a glowing silver altar of Zin.
 10278 | D:8      | Noticed an elephant
 10281 | D:8      | Killed an elephant
 10360 | D:8      | Reached * piety under Vehumet
 10360 | D:8      | Offered knowledge of Sandblast by Vehumet.
 10592 | D:8      | Found a staircase to the Lair.
 11227 | D:8      | Offered knowledge of Static Discharge by Vehumet.
 11370 | D:8      | Reached ** piety under Vehumet
 12096 | D:9      | Reached skill level 10 in Spellcasting
 12944 | D:9      | Offered knowledge of Ignite Poison by Vehumet.
 13095 | D:10     | Entered Level 10 of the Dungeon
 13113 | D:10     | Reached XP level 11. HP: 54/54 MP: 12/27
 13217 | D:10     | Noticed Snorg
 13255 | D:10     | Noticed Nergalle
 13258 | D:10     | Killed Nergalle
 13605 | D:10     | Noticed Harold
 13614 | D:10     | Found a shadowy altar of Dithmenos.
 13923 | D:11     | Noticed a two-headed ogre
 13929 | D:11     | Killed a two-headed ogre
 14193 | D:11     | Noticed a white ugly thing
 14193 | D:11     | Noticed a deep elf pyromancer
 14193 | D:11     | Noticed a centaur warrior
 14194 | D:11     | Noticed a six-headed hydra
 14200 | D:11     | Noticed an ice dragon
 14207 | D:11     | Noticed a four-headed hydra
 14209 | D:11     | Noticed an orb spider
 14272 | D:11     | Reached *** piety under Vehumet
 14616 | D:11     | Offered knowledge of Airstrike by Vehumet.
 14714 | D:11     | Found Xoryacw's Book Boutique.
 14822 | D:11     | Learned a level 2 spell: Blink
 14990 | D:11     | Noticed a brown ugly thing
 14994 | D:11     | Killed a brown ugly thing
 15222 | D:11     | Identified a scroll of acquirement
 15223 | D:11     | Acquired the Reference Book on Flames and Battle Magic
 15231 | D:11     | Learned a level 5 spell: Irradiate
 15238 | D:11     | Learned a level 6 spell: Starburst
 15240 | D:11     | Noticed an orb spider
 15259 | D:12     | Found a runed translucent door.
 15259 | D:12     | Found a shimmering altar of Xom.
 15259 | D:12     | Noticed ChodeyFoster420's ghost (journeyman MiBe)
 15259 | D:12     | Identified the +6 broad axe "Xecumow" {chaos, rC+ rN+
                  | Will+}
 15259 | D:12     | Noticed a +6 broad axe "Xecumow" {chaos, rC+ rN+ Will+}
 15345 | D:12     | Reached **** piety under Vehumet
 15586 | D:12     | Noticed a green ugly thing
 15759 | D:12     | Killed a green ugly thing
 15760 | D:12     | Reached XP level 12. HP: 59/59 MP: 9/29
 16141 | D:12     | Noticed a death knight
 16147 | D:12     | Killed a death knight
 16677 | Lair:1   | Entered Level 1 of the Lair of Beasts
 17010 | Lair:1   | Offered knowledge of Hailstorm by Vehumet.
 17050 | Lair:1   | Noticed a five-headed hydra
 17059 | Lair:1   | Killed a five-headed hydra
 17561 | Lair:1   | Identified the +2 robe of Zoexeshromau {+Inv rC+ Int+4}
 18143 | Lair:2   | Noticed a five-headed hydra
 18264 | Lair:2   | Killed a five-headed hydra
 18679 | Lair:2   | Found a staircase to the Snake Pit.
 19188 | Lair:3   | Reached skill level 15 in Fire Magic
 19251 | Lair:3   | Reached XP level 13. HP: 63/63 MP: 24/31
 19401 | Lair:3   | Reached ***** piety under Vehumet
 19545 | Lair:3   | Offered knowledge of Eringya's Noxious Bog by Vehumet.
 19632 | Lair:3   | Noticed Fannar
 19634 | Lair:3   | Killed Fannar
 19769 | Lair:3   | You fall into a shaft and drop 3 floors!
 19769 | Lair:6   | Entered Level 6 of the Lair of Beasts
 20136 | Lair:5   | Reached skill level 15 in Conjurations
 20516 | Lair:4   | Found a staircase to the Swamp.
 22703 | Lair:6   | Found a staircase to the Slime Pits.
 22811 | Lair:6   | Found a viscous altar of Jiyva.
 22827 | Lair:6   | Noticed Rupert
 22832 | Lair:6   | Killed Rupert
 23878 | Lair:6   | Reached XP level 14. HP: 68/68 MP: 19/34
 24393 | Lair:6   | Identified the +8 trident "Raokih" {freeze, Int+3}
 24957 | D:10     | Killed Snorg
 25124 | D:10     | Learned a level 6 spell: Iron Shot
 25309 | D:10     | Found a staircase to the Orcish Mines.
 25470 | Orc:1    | Entered Level 1 of the Orcish Mines
 25482 | Orc:1    | Paralysed by an orc sorcerer for 3 turns
 25484 | Orc:1    | Killed from afar by an orc sorcerer

Illustrated notes

Levels and vault maps discovered:
D:1:      eino_arrival_cavern_d, layout_rooms, minmay_ruptured
D:2:      layout_loops_ring, ebering_ecumenical_altar_rust, serial_park_tiny_2
D:3:      minmay_inner_zag, layout_loops_ring, ebering_ghost_rock_garden
D:4:      layout_basic, slow_altar_2, lemuel_round_altar, serial_aquarium,
          aquarium_bridge_square [aquarium_subvault_wall,
          aquarium_subvault_wall, aquarium_subvault_bridge,
          aquarium_subvault_bridge], aquarium_window_2, aquarium_window_1,
          aquarium_view_2b, aquarium_view_2e, aquarium_balcony_double_2
D:5:      layout_gridville
D:6:      layout_loops_ring, minmay_temple_entry_wispy, minmay_manual_mess,
          uniq_eustachio, uniq_maggie
D:7:      layout_loops_ring, zin_treasury, grunt_gozag_statues,
          hangedman_ru_absence, mainiacjoe_overflow_divided_tiny, serial_shops,
          nicolae_shop_overgrown_old_shop, serial_undead, serial_undead_b,
          serial_undead_d, serial_undead_c, serial_undead_f
D:8:      layout_basic, david_lair_generic
D:9:      layout_roguey, nicolae_looking_at_the_future
D:10:     layout_roguey, grunt_dithmenos_smoke, david_orc_1_choice, uniq_snorg,
          uniq_harold, uniq_nergalle
D:11:     layout_roguey [special_room_orc], serial_shops, nicolae_diamond_shop,
          minivault_12
D:12:     layout_gridville, ebering_ghost_xom
Temple:   nicolae_temple_great_sept
Lair:1:   layout_roguey
Lair:2:   layout_misc_corridors, guppyfry_snake_entry_island
Lair:3:   layout_roguey, nicolae_quartered_pool_super, uniq_fannar
Lair:4:   layout_misc_corridors, minmay_swamp_entry_worms, nzn_sisyphean_effort,
          serial_bayou_shore_a, grunt_megastairs_4, infiniplex_staircase_pool_2
Lair:5:   layout_cave_pods, small_statue_intersection
Lair:6:   gammafunk_lair_ancient_temple, layout_small_grid, slime_altar_1,
          chequers_serial_rivers_micro_c, uniq_rupert
Orc:1:    layout_caves, mines1_david

Skill      XL: |  1  2  3  4  5  6  7  8  9 10 11 12 13 |
---------------+----------------------------------------+-----
Conjurations   | 2 3 4 5 6 8 10 11 13 14 16 | 16.5
Fire Magic     | 4 5 6 7 8 10 12 13 15 16 | 16.8
Spellcasting   | 4 5 6 7 9 10 11 12 14 | 14.5
Dodging        | |  2.4
Stealth        | |  2.4

Action                   |  1- 3 |  4- 6 |  7- 9 | 10-12 | 13-15 || total
-------------------------+-------+-------+-------+-------+-------++-------
Melee: Unarmed           |     1 |       |       |       |       ||     1
       Staff             |       |     8 |     8 |     1 |       ||    17
 Cast: Foxfire           |    72 |   111 |   196 |    28 |     1 ||   408
       Sticky Flame      |       |     1 |    22 |    23 |    10 ||    56
       Fireball          |       |       |    24 |   210 |   172 ||   406
       Conjure Flame     |       |       |     7 |     3 |       ||    10
       Starburst         |       |       |       |     2 |       ||     2
       Blink             |       |       |       |     1 |       ||     1
  Use: Potion            |       |       |     3 |       |       ||     3
       Scroll            |       |       |     5 |     9 |     7 ||    21
 Stab: Sleeping          |       |     4 |       |       |       ||     4
Armor: Robe              |     2 |     2 |    10 |    10 |     5 ||    29
Dodge: Dodged            |       |    16 |    33 |    48 |    20 ||   117
